 Dungeon Crawl Stone Soup version 0.24.0-37-gcf1ca852f1 (webtiles) character file.

Game seed: 8545535910882579370, levelgen mode: deterministic

991 FishyPogo the Charmwright (level 8, 0/84 HPs)
             Began as a Gnoll Skald on Dec 5, 2019.
             Was a Follower of Hepliaklqana.
             Slain by a gnoll sergeant
             ... wielding a +0 trident
              (9 damage)
             ... on level 5 of the Dungeon.
             The game lasted 00:15:35 (3732 turns).

FishyPogo the Charmwright (Gnoll Skald)             Turns: 3732, Time: 00:15:36

Health: 0/84       AC:  4    Str: 20    XL:     8   Next: 18%
Magic:  6/16       EV: 15    Int: 15    God:    Hepliaklqana [*.....]
Gold:   201        SH:  5    Dex: 16    Spells: 7/18 levels left

rFire    + . .     SeeInvis .   a - +0 falchion
rCold    . . .     Gourm    .   m - +0 buckler
rNeg     . . .     Faith    .   b - +0 leather armour
rPois    .         Spirit   .   (no helmet)
rElec    .         Reflect  .   A - +0 cloak
rCorr    .         Harm     .   (no gloves)
MR       .....                  (no boots)
Stlth    ..........             o - amulet of magic regeneration
HPRegen  1.24/turn              z - ring of protection from fire
MPRegen  0.40/turn              (no ring)

@: berserking, infused, singing, flying, regenerating, very quick
A: distributed training, reduced essence, fangs 1, strong nose
a: Recall Ancestor, Ancestor Identity, Renounce Religion


You were on level 5 of the Dungeon.
You worshipped Hepliaklqana.
Hepliaklqana was aware of your devotion.
You were not hungry.

You visited 1 branch of the dungeon, and saw 5 of its levels.

You collected 201 gold pieces.

Inventory:

Hand Weapons
 a - a +0 falchion (weapon)
Missiles
 i - 29 poisoned darts
 k - 91 stones (quivered)
 l - 3 silver boomerangs
 t - 2 throwing nets
Armour
 b - a +0 leather armour (worn)
 m - a +0 buckler (worn)
 A - a +0 cloak (worn)
Jewellery
 o - an amulet of magic regeneration (around neck)
 z - a ring of protection from fire (left hand)
 B - a +2 ring of evasion {unknown}
Wands
 x - a wand of acid (8)
 y - a wand of flame (19)
Scrolls
 c - 4 scrolls of remove curse {unknown}
 f - a scroll of enchant weapon {unknown}
 j - 6 scrolls of identify
 u - 2 scrolls of enchant armour {unknown}
 v - a scroll of fear {unknown}
 w - a scroll of magic mapping
Potions
 g - a potion of resistance
 n - a potion of heal wounds {unknown}
 p - a potion of agility
 q - 4 potions of curing
 r - a potion of cancellation {unknown}
Comestibles
 d - 8 rations
 s - a chunk of flesh


   Skills:
 + Level 5.5 Fighting
 + Level 3.0 Short Blades
 + Level 5.5 Long Blades
 + Level 3.0 Axes
 + Level 3.0 Maces & Flails
 + Level 3.0 Polearms
 + Level 3.0 Staves
 + Level 3.0 Slings
 + Level 3.0 Bows
 + Level 3.0 Crossbows
 + Level 3.0 Throwing
 + Level 4.0 Armour
 + Level 5.5 Dodging
 + Level 3.0 Stealth
 + Level 3.0 Shields
 + Level 3.0 Unarmed Combat
 + Level 5.9 Spellcasting
 + Level 2.4 Conjurations
 + Level 2.4 Hexes
 + Level 6.0 Charms
 + Level 2.4 Summonings
 + Level 2.4 Necromancy
 + Level 2.4 Translocations
 + Level 2.4 Transmutations
 + Level 2.4 Fire Magic
 + Level 2.4 Ice Magic
 + Level 2.4 Air Magic
 + Level 2.4 Earth Magic
 + Level 2.4 Poison Magic
 + Level 3.3 Invocations
 + Level 3.0 Evocations


You had 7 spell levels left.
You knew the following spells:

 Your Spells              Type           Power        Failure   Level  Hunger
h - Regeneration          Chrm/Necr      ###.......   11%         3    ###....
n - Spectral Weapon       Hex/Chrm       ###.....     11%         3    ###....
p - Shroud of Golubria    Chrm/Tloc      ###...       5%          2    #......
u - Song of Slaying       Chrm           ###.....     2%          2    #......
y - Infusion              Chrm           ###.         1%          1    None

Your spell library contained the following spells:

 Spells                   Type           Power        Failure   Level  Hunger


Dungeon Overview and Level Annotations

Branches:
Dungeon (5/15)             Temple (0/1) D:4

Altars:
Elyvilon
Fedhas
Hepliaklqana
Qazlal
Uskayaw

Annotations:
D:5 Blork the orc


Innate Abilities, Weirdness & Mutations

Your experience applies equally to all skills.
You have very sharp teeth.
Your uncanny sense of smell can sniff out nearby items.
Your life essence is reduced to manifest your ancestor. (-10% HP)


Message History

The gnoll completely misses you.
The orc hits Amyrtaeus but does no damage.
It was a potion of flight.
You feel very buoyant.
You fly up into the air.
The jackal barely misses you.
You riposte.
You hit the jackal.
The jackal is heavily wounded.
Amyrtaeus hits the orc.
The orc dies!
The gnoll completely misses you. The gnoll sergeant closely misses you.
It was a potion of berserk rage.
A red film seems to cover your vision as you go berserk!
You feel yourself moving faster!
You feel mighty!
You hear a bark!
The jackal misses you.
Amyrtaeus closely misses the jackal.
The jackal closely misses you.
You riposte.
You hit the jackal.
You kill the jackal!
The gnoll hits you but does no damage.
The gnoll sergeant hits you with a +0 trident!
You die...

#.###################
#.# #...# #.#
#...###### #.#
#...#....# #.#
#...#....# #.#
#...#....# # #.#
#...#.R).#....
#.######...#())......
#......'...g@##......
########...#.# .....
#####g# .... #g# ###
#.# #.# #.# #.#


You could see the friendly Amyrtaeus the ancestor, a gnoll sergeant, 2 gnolls
and a friendly spectral +0 falchion.

Vanquished Creatures
  An ogre (D:4)
  A bullfrog (D:3)
  A scorpion (D:4)
  A crimson imp (D:5)
  4 bullfrog skeletons
  3 worker ants
  A worker ant zombie (D:5)
  5 gnolls
  5 adders
  2 oozes (D:2)
  An adder skeleton (D:5)
  2 dart slugs
  3 leopard geckos
  7 orcs
  3 giant cockroaches
  9 hobgoblins
  3 jackals
  3 quokkas
  A ball python (D:4)
  8 bats
  6 frilled lizards
  8 goblins
  5 kobolds
  4 rats
87 creatures vanquished.

Vanquished Creatures (collateral kills)
  A sky beast (D:4)
  An ice beast (D:5)
  The ghost of Goreval the Grave Robber, an amateur HONe (D:3)
  A scorpion (D:5)
  An orc priest (D:5)
  2 adders (D:3)
  A worm (D:3)
  A leopard gecko (D:2)
  2 orcs (D:5)
  3 bats (D:2)
  2 giant cockroaches
  A jackal (D:4)
  A goblin (D:3)
  A rat (D:3)
19 creatures vanquished.

Grand Total: 106 creatures vanquished

Notes
Turn   | Place    | Note
-------+----------+-------------------------------------------
     0 | D:1      | FishyPogo the Gnoll Skald began the quest for the Orb.
     0 | D:1      | Reached XP level 1. HP: 20/20 MP: 6/6
   300 | D:1      | Reached XP level 2. HP: 23/26 MP: 7/7
   376 | D:1      | Learned a level 2 spell: Song of Slaying
   379 | D:1      | Learned a level 2 spell: Shroud of Golubria
   984 | D:2      | Found a stormy altar of Qazlal.
   991 | D:2      | Found a blossoming altar of Fedhas.
  1023 | D:2      | Found a hazy altar of Hepliaklqana.
  1043 | D:2      | Reached skill level 5 in Spellcasting
  1043 | D:2      | Reached XP level 3. HP: 31/31 MP: 6/9
  1081 | D:2      | Found a hide-covered altar of Uskayaw.
  1136 | D:2      | Became a worshipper of Hepliaklqana the Forgotten
  1313 | D:2      | Reached skill level 1 in Invocations
  1385 | D:2      | Reached skill level 1 in Short Blades
  1385 | D:2      | Reached skill level 1 in Axes
  1385 | D:2      | Reached skill level 1 in Maces & Flails
  1385 | D:2      | Reached skill level 1 in Polearms
  1385 | D:2      | Reached skill level 1 in Staves
  1385 | D:2      | Reached skill level 1 in Slings
  1385 | D:2      | Reached skill level 1 in Bows
  1385 | D:2      | Reached skill level 1 in Crossbows
  1385 | D:2      | Reached skill level 1 in Throwing
  1385 | D:2      | Reached skill level 1 in Stealth
  1385 | D:2      | Reached skill level 1 in Shields
  1385 | D:2      | Reached skill level 1 in Unarmed Combat
  1385 | D:2      | Reached skill level 1 in Evocations
  1390 | D:2      | Learned a level 3 spell: Regeneration
  1394 | D:2      | Learned a level 3 spell: Spectral Weapon
  1712 | D:2      | Reached XP level 4. HP: 29/34 MP: 9/11
  2130 | D:3      | Reached skill level 1 in Conjurations
  2130 | D:3      | Reached skill level 1 in Hexes
  2130 | D:3      | Reached skill level 1 in Summonings
  2130 | D:3      | Reached skill level 1 in Necromancy
  2130 | D:3      | Reached skill level 1 in Translocations
  2130 | D:3      | Reached skill level 1 in Transmutations
  2130 | D:3      | Reached skill level 1 in Fire Magic
  2130 | D:3      | Reached skill level 1 in Ice Magic
  2130 | D:3      | Reached skill level 1 in Air Magic
  2130 | D:3      | Reached skill level 1 in Earth Magic
  2130 | D:3      | Reached skill level 1 in Poison Magic
  2144 | D:3      | Reached XP level 5. HP: 20/38 MP: 4/12
  2172 | D:3      | Found a runed translucent door.
  2173 | D:3      | Noticed Goreval's ghost (amateur HONe)
  2225 | D:3      | Killed Goreval's ghost
  2225 | D:3      | Reached XP level 6. HP: 4/45 MP: 2/14
  2337 | D:3      | Reached skill level 5 in Fighting
  2337 | D:3      | Reached skill level 5 in Long Blades
  2337 | D:3      | Reached skill level 5 in Dodging
  2488 | D:3      | Reached * piety under Hepliaklqana
  3057 | D:4      | Reached XP level 7. HP: 50/50 MP: 10/15
  3151 | D:4      | Found a staircase to the Ecumenical Temple.
  3383 | D:5      | Entered Level 5 of the Dungeon
  3444 | D:5      | Found a white marble altar of Elyvilon.
  3610 | D:5      | Noticed Blork the orc
  3623 | D:4      | Reached skill level 6 in Charms
  3623 | D:4      | Reached XP level 8. HP: 51/56 MP: 13/16
  3732 | D:5      | Slain by a gnoll sergeant

Levels and vault maps discovered:
D:1:      nicolae_arrival_somewhat_less_tricky_arrival, layout_basic,
          minmay_tiny_reverse_x
D:2:      layout_basic, grunt_temple_overflow_forces_of_nature,
          old_standard_altar, lemuel_doored_altar
D:3:      layout_loops_corners, ebering_ghost_sewer_d
D:4:      layout_rooms, temple_pool_b
D:5:      layout_basic, elyvilon_altar_5, first_ration, uniq_blork_the_orc

Skill      XL: |  1  2  3  4  5  6  7  8 |
---------------+-------------------------+-----
Spellcasting   | 5 |  5.9
Invocations    | 1 2 3 |  3.3
Short Blades   | 1 2 3 |  3.0
Axes           | 1 2 3 |  3.0
Maces & Flails | 1 2 3 |  3.0
Polearms       | 1 2 3 |  3.0
Staves         | 1 2 3 |  3.0
Slings         | 1 2 3 |  3.0
Bows           | 1 2 3 |  3.0
Crossbows      | 1 2 3 |  3.0
Throwing       | 1 2 3 |  3.0
Stealth        | 1 2 3 |  3.0
Shields        | 1 2 3 |  3.0
Unarmed Combat | 1 2 3 |  3.0
Evocations     | 1 2 3 |  3.0
Conjurations   | 1 2 |  2.4
Hexes          | 1 2 |  2.4
Summonings     | 1 2 |  2.4
Necromancy     | 1 2 |  2.4
Translocations | 1 2 |  2.4
Transmutations | 1 2 |  2.4
Fire Magic     | 1 2 |  2.4
Ice Magic      | 1 2 |  2.4
Air Magic      | 1 2 |  2.4
Earth Magic    | 1 2 |  2.4
Poison Magic   | 1 2 |  2.4
Armour         | 3 4 |  4.0
Fighting       | 5 |  5.5
Long Blades    | 5 |  5.5
Dodging        | 5 |  5.5
Charms         | 6 |  6.0

Action                   |  1- 3 |  4- 6 |  7- 9 || total
-------------------------+-------+-------+-------++-------
Melee: Falchion          |    79 |   114 |    78 ||   271
       Bite              |    11 |    15 |    16 ||    42
Throw: Dart              |     1 |       |       ||     1
       Stone             |       |     1 |       ||     1
 Cast: Infusion          |     2 |     2 |     2 ||     6
       Song of Slaying   |     3 |     8 |     2 ||    13
       Shroud of Golubri |     1 |     4 |     3 ||     8
       Regeneration      |       |     7 |     1 ||     8
       Spectral Weapon   |       |     5 |     6 ||    11
Invok: Recall Ancestor   |       |       |     1 ||     1
  Use: Scroll            |     3 |     4 |       ||     7
       Potion            |       |       |     2 ||     2
 Stab: Sleeping          |       |     1 |       ||     1
       Distracted        |       |       |     2 ||     2
  Eat: Chunk             |     2 |     7 |     3 ||    12
Armor: Leather armour    |    26 |    12 |    16 ||    54
Dodge: Dodged            |    67 |    71 |    50 ||   188
Block: Buckler           |     3 |    23 |    21 ||    47
       Rpst.: Falchion   |    27 |    14 |    18 ||    59
